 Dungeon Sprint DCSS version 0.30-a0-605-gb2882149bf (webtiles) character file.

Game seed: 16439445023824146341

560 mhtbhm the Grappler (level 7, -2/61 HPs)
             Began as a Troll Transmuter on Jan 7, 2023.
             Was an Initiate of Gozag.
             Slain by a human
             ... wielding a +2 spear of distortion
              (5 damage)
             ... while petrified by a basilisk
             ... in the Dungeon (Sprint III: "The Ten Rune Challenge").
             The game lasted 00:01:31 (432 turns).

mhtbhm the Grappler (Troll Transmuter)               Turns: 432, Time: 00:01:31

Health: -2/61      AC:  4    Str: 21    XL:     7   Next: 9%
Magic:  11/12      EV:  1    Int:  9    God:    Gozag
Gold:   20         SH:  0    Dex: 10    Spells: 5/15 levels left

rFire   . . .      SeeInvis .      - Unarmed
rCold   . . .      Faith    .    (no shield)
rNeg    + + +      Spirit   .    a - +0 robe
rPois   ∞          Reflect  .    (helmet restricted)
rElec   .          Harm     .    (no cloak)
rCorr   .          Rampage  .    (gloves unavailable)
Will    .....      NoTele   +    (boots unavailable)
Stlth   ++                       (no amulet)
HPRegen 1.10/turn                (no ring)
MPRegen 0.13/turn                (no ring)

@: petrified
A: large, unfitting armour, claws 3, regeneration 1, shaggy fur 1, tough skin 1
a: Renounce Religion, Potion Petition, Call Merchant, Bribe Branch


You were in the Dungeon.
You worshipped Gozag.
Gozag was noncommittal.
You visited 1 branch You collected 20 gold pieces.

Inventory:

Armour
 a - a +0 robe (worn)
Wands
 i - a wand of polymorph (11)
Scrolls
 j - a scroll of torment {unknown}
 k - a scroll of identify {unknown}
 m - 2 scrolls of immolation {unknown}
Potions
 b - a potion of lignification
 c - a potion of curing
 e - a potion of haste
 f - 2 potions of magic
 l - 4 potions of flight
 n - 4 potions of mutation
Miscellaneous
 g - a phial of floods (inert)


   Skills:
 + Level 0.7 Fighting
 + Level 4.1 Dodging
 + Level 2.1 Stealth
 + Level 10.9 Unarmed Combat
 + Level 4.5 Spellcasting
 + Level 5.0 Transmutations
 + Level 0.3 Ice Magic


You had 5 spell levels left.
You knew the following spells:

 Your Spells              Type           Power      Damage    Failure   Level
a - Beastly Appendage     Tmut           22%        N/A       3%          1
b - Wereblood             Tmut           11%        N/A       4%          2
c - Spider Form           Tmut/Pois      6%         N/A       28%         3
d - Ice Form              Ice/Tmut       6%         N/A       65%         4

Your spell library contained the following spells:

 Spells                   Type           Power      Damage    Failure   Level


Dungeon Overview and Level Annotations

Branches:
Dungeon (1/1)

Altars:
Cheibriados
Dithmenos
Fedhas
Gozag
Hepliaklqana
Makhleb
Nemelex Xobeh
Okawaru
Qazlal
Ru
Trog
Uskayaw
Wu Jian
Xom
Yredelemnul
Jiyva
Lugonu


Innate Abilities, Weirdness & Mutations

You are too large for most types of armour.
You have claws for hands.
Your natural rate of healing is unusually fast.
You are covered in fur. (AC +1)
You have tough skin. (AC +1)


Message History

Unknown command.
Okay, then.
You feel much better.
You howl as the wereblood boils in your veins!
Your primal bloodlust has ended.
The human hits you from afar with a +2 spear of distortion!
* * * LOW HITPOINT WARNING * * *
Space warps around you.
* * * LOW HITPOINT WARNING * * *
The basilisk gazes at you. You resist with significant effort.
The human hits you from afar with a +2 spear of distortion!
* * * LOW HITPOINT WARNING * * *
Your limbs are stiffening.
Unknown command.
You feel much better.
Your horns disappear.
Your talons disappear.
The human hits you from afar with a +2 spear of distortion.
The human hits you from afar with a +2 spear of distortion!
* * * LOW HITPOINT WARNING * * *
You have turned to stone.
The human hits you but does no damage. Space warps around you.
* * * LOW HITPOINT WARNING * * *
The basilisk gazes at you. You resist with significant effort.
The human hits you from afar with a +2 spear of distortion!
* * * LOW HITPOINT WARNING * * *
Space warps around you.
* * * LOW HITPOINT WARNING * * *
The human hits you from afar with a +2 spear of distortion.
* * * LOW HITPOINT WARNING * * *
Space warps around you.
* * * LOW HITPOINT WARNING * * *
The human hits you from afar with a +2 spear of distortion.
* * * LOW HITPOINT WARNING * * *
Space warps around you.
* * * LOW HITPOINT WARNING * * *
The human hits you from afar with a +2 spear of distortion!
You die...
Your body crumbles into a pile of gold.

▓▓▓▓▓▓▓▓▓▓ ▓▓▓ #..'.....♣ ♣.#
######## $ $ #..#.....♣♣ ♣.#
#___#__#$$ $ $ ####....♣.♣ ♣.#
#__.#$_#$
...#....~♣♣♣♣♣.###+#'###'##$$
...#†..~~♣.♣...#..l.......#
..[#..~~~~♣♣♣..'@⌠p.......#$$$$
##'#..~≈≈~~~.♣.#...######'#$
)..#.~~≈~~~....#.⌠.#__#...#
...#.~≈~~~.....#...#__#...#
...#.~~~.......#+###__#...#
####...........# $#__#...+
.........÷.....# #__'...#
▓▓▓▓▓▓▓▓▓▓▓▓▓▓▓▓ ▓▓▓▓▓▓▓▓


You could see a basilisk and a human (berserk).

Vanquished Creatures
  A shadow (D)
  A spatial vortex (D)
  A scorpion (D)
  A water elemental (D)
  A necrophage (D)
  A jelly (D)
  Jessica (D)
  A necromancer (D)
  A human (D)
  An endoplasm (D)
  2 rats (D)
12 creatures vanquished.

Notes
Turn   | Place    | Note
-------+----------+-------------------------------------------
     0 | D        | mhtbhm the Troll Transmuter began the quest for the Orb.
     0 | D        | Reached XP level 1. HP: 18/18 MP: 1/1
    15 | D        | Noticed Jessica
    18 | D        | Killed Jessica
    19 | D        | Reached skill level 5 in Unarmed Combat
    19 | D        | Reached XP level 2. HP: 26/26 MP: 2/4
    19 | D        | Reached XP level 3. HP: 32/32 MP: 2/5
   156 | D        | Learned a level 2 spell: Wereblood
   160 | D        | Learned a level 3 spell: Spider Form
   186 | D        | Noticed a scorpion
   192 | D        | Killed a scorpion
   193 | D        | Reached skill level 7 in Unarmed Combat
   193 | D        | Reached XP level 4. HP: 30/40 MP: 2/7
   246 | D        | Noticed a water elemental
   251 | D        | Killed a water elemental
   252 | D        | Reached skill level 1 in Stealth
   252 | D        | Reached skill level 8 in Unarmed Combat
   252 | D        | Reached XP level 5. HP: 46/46 MP: 4/8
   290 | D        | Learned a level 4 spell: Ice Form
   332 | D        | Noticed a shadow
   335 | D        | Killed a shadow
   336 | D        | Reached skill level 9 in Unarmed Combat
   336 | D        | Reached XP level 6. HP: 54/54 MP: 2/10
   337 | D        | Reached skill level 10 in Unarmed Combat
   340 | D        | Found a blossoming altar of Fedhas.
   340 | D        | Found a stormy altar of Qazlal.
   341 | D        | Found a snail-covered altar of Cheibriados.
   341 | D        | Found a burning altar of Makhleb.
   341 | D        | Found a hazy altar of Hepliaklqana.
   341 | D        | Found a shimmering altar of Xom.
   341 | D        | Found an opulent altar of Gozag.
   341 | D        | Found a sparkling altar of Nemelex Xobeh.
   341 | D        | Found a corrupted altar of Lugonu.
   341 | D        | Found a viscous altar of Jiyva.
   341 | D        | Noticed a spatial vortex
   347 | D        | Killed a spatial vortex
   351 | D        | Became a worshipper of Gozag Ym Sagoz the Greedy
   408 | D        | Found a basalt altar of Yredelemnul.
   408 | D        | Found a shadowy altar of Dithmenos.
   408 | D        | Found a sacrificial altar of Ru.
   412 | D        | Reached XP level 7. HP: 44/61 MP: 8/12
   416 | D        | Reached skill level 5 in Transmutations
   419 | D        | Found a hide-covered altar of Uskayaw.
   419 | D        | Found an iron altar of Okawaru.
   420 | D        | Found a bloodstained altar of Trog.
   420 | D        | Found an ornate altar of the Wu Jian Council.
   420 | D        | Noticed a human
   420 | D        | Noticed a human
   426 | D        | a human changed into a basilisk
   426 | D        | Noticed a basilisk
   427 | D        | HP: 1/61 [human/+2 spear of distortion (7)]
   432 | D        | HP: 3/61 [human/+2 spear of distortion (2)]
   432 | D        | Slain by a human

Illustrated notes

Levels and vault maps discovered:
D:        dungeon_sprint_mu [sprint_mu_entry_forest, sprint_mu_temple_rooms,
          sprint_mu_d1_spiders, sprint_mu_d2_genie, sprint_mu_d3_branching,
          sprint_mu_orc_legion, sprint_mu_elf_gauntlet, sprint_mu_hive_nellie,
          sprint_mu_lair_fedhas, sprint_mu_vaults_butterflies,
          sprint_mu_slime_circle, sprint_mu_swamp_cave, sprint_mu_shoals_kraken,
          sprint_mu_blade_basic, sprint_mu_crypt_fortress,
          sprint_mu_tomb_spiral, sprint_mu_vestibule_basic,
          sprint_mu_gehenna_hellfire, sprint_mu_dis_giant,
          sprint_mu_tartarus_statrot, sprint_mu_cocytus_islands, sprint_mu_zot1]

Skill      XL: |  1  2  3  4  5  6  7 |
---------------+----------------------+-----
Dodging        | 2 3 4 |  4.1
Unarmed Combat | 5 7 8 9 10 | 10.9
Spellcasting   | 2 3 4 |  4.5
Transmutations | 2 3 4 5 |  5.0
Stealth        | 1 2 |  2.1
Fighting       | |  0.7
Ice Magic      | |  0.3

Action                   |  1- 3 |  4- 6 |  7- 9 || total
-------------------------+-------+-------+-------++-------
Melee: Unarmed           |    12 |    11 |     5 ||    28
       Kick              |     2 |     1 |       ||     3
       Punch             |       |       |     1 ||     1
 Cast: Beastly Appendage |     3 |     2 |       ||     5
       Wereblood         |     1 |     3 |       ||     4
       Ice Form          |       |     1 |       ||     1
Evoke: Wand              |       |       |     3 ||     3
       Phial of floods   |       |       |     1 ||     1
  Use: Potion            |       |     1 |     2 ||     3
       Scroll            |       |       |     1 ||     1
 Stab: Sleeping          |     1 |     1 |       ||     2
Armor: Robe              |     3 |     1 |     1 ||     5
Dodge: Dodged            |     2 |     2 |       ||     4

Table legend: (Time is in decaauts)
 A = Elapsed time spent in this place.
 B = Non-inter-level travel time spent in this place.
 C = Inter-level travel time spent in this place.
 D = Time resting spent in this place.
 E = Time spent auto-exploring this place.
 F = Levels seen in this place.
 G = Mean time per level.
                   A        B        C        D        E       F      G
               +--------+--------+--------+--------+--------+-----+--------+
         Total |    436 |    436 |      0 |    242 |      0 |   1 |  436.0 |
       Dungeon |    436 |    436 |      0 |    242 |      0 |   1 |  436.0 |
               +--------+--------+--------+--------+--------+-----+--------+

Top non-repeatable levels by time:
       D: 436 daAuts
